 Dungeon Crawl Stone Soup version 0.31-a0-278-g485e682e34 (webtiles) character file.

Game seed: 4140933580738065467

580578 hackon the Conqueror (level 25, -4/257 HPs)
             Began as a Minotaur Berserker on July 16, 2023.
             Was the Champion of Trog.
             Slain by an Orb Guardian (11 damage)
             ... on level 5 of the Realm of Zot.
             The game lasted 02:25:16 (53569 turns).

hackon the Conqueror (Minotaur Berserker)          Turns: 53569, Time: 02:25:17

Health: -4/257     AC: 39    Str: 33    XL:     25   Next: 92%
Magic:  1/22       EV: 20    Int:  3    God:    Trog [******]
Gold:   6918       SH: 21    Dex: 13    Spells: 24/24 levels left

rFire   + . .        s - +10 broad axe of Fioduc {flame, rElec rPois rN+ Dex-4}
rCold   + + +        j - +0 tower shield
rNeg    + . .        D - +1 gold dragon scales
rPois   +            v - +2 hat of Fuzzy Freedom {rPois Will+ Str-2 Slay+2}
rElec   +            z - +2 cloak
rCorr   .            Y - +1 pair of gloves "Poonorgha" {Will+ Str+3}
SInv    .            m - +2 pair of boots
Will    ++++.        f - amulet of regeneration Stlth
                     H - ring "Dauttoakh" {rC+++ Will+ Str+3 Int-3 Dex+4}
HPRegen 1.42/turn    e - ring of the Robin {rElec rPois EV+5}
MPRegen 0.18/turn

%: no passive effects
@: mighty, about to teleport, marked, on berserk cooldown, slowed, studying Long
Blades, very slow
A: horns 2, retaliatory headbutt
}: 3/15 runes: barnacled, silver, gossamer
a: Renounce Religion, Berserk, Trog's Hand, Brothers in Arms


You were on level 5 of the Realm of Zot.
You worshipped Trog.
Trog was exalted by your worship.
You visited 9 branches of the dungeon, and saw 45 of its levels.
You visited the Abyss 1 time.
You also visited: Bailey and Wizlab.

You collected 7083 gold pieces.
You spent 165 gold pieces at shops.

Inventory:

Hand Weapons
 s - the +10 broad axe of Fioduc (weapon) {flame, rElec rPois rN+ Dex-4}
   (Trog gifted it to you on level 1 of the Elven Halls)

   Dex:       It affects your dexterity (-4).
   rElec:     It insulates you from electricity.
   rPois:     It protects you from poison.
   rN:        It protects you from negative energy.
Missiles
 y - 4 throwing nets
 E - 13 curare-tipped darts
 L - 8 silver javelins (quivered)
 X - 14 silver boomerangs
 Z - 5 boomerangs of dispersal
Armour
 j - a +0 tower shield (worn)
 m - a +2 pair of boots (worn)
 u - a +10 plate armour of ponderousness
 v - the +2 hat of Fuzzy Freedom (worn) {rPois Will+ Str-2 Slay+2}
   (You found it in a wizard's laboratory)

   Str:       It affects your strength (-2).
   Slay:      It affects your accuracy & damage with ranged weapons and melee
   (+2).
   rPois:     It protects you from poison.
   Will:      It increases your willpower.
 z - a +2 cloak (worn)
 D - +1 gold dragon scales (worn)
 Y - the +1 pair of gloves "Poonorgha" (worn) {Will+ Str+3}
   (You took it off Nikola on level 1 of the Spider Nest)

   Str:       It affects your strength (+3).
   Will:      It increases your willpower.
Jewellery
 e - the ring of the Robin (right hand) {rElec rPois EV+5}
   (You took it off a deep elf annihilator on level 5 of the Vaults)

   [ring of evasion]

   EV:        It affects your evasion (+5).
   rElec:     It insulates you from electricity.
   rPois:     It protects you from poison.
 f - an amulet of regeneration (around neck)
 A - a +4 ring of slaying
 H - the ring "Dauttoakh" (left hand) {rC+++ Will+ Str+3 Int-3 Dex+4}
   (You acquired it in a bailey)

   [ring of willpower]

   Str:       It affects your strength (+3).
   Int:       It affects your intelligence (-3).
   Dex:       It affects your dexterity (+4).
   rC:        It renders you almost immune to cold.
   Will:      It increases your willpower.
Wands
 b - a wand of light (50)
 i - a wand of digging (9)
 r - a wand of flame (97)
 B - a wand of roots (39)
 M - a wand of polymorph (5)
 R - a wand of mindburst (19)
 W - a wand of charming (41)
Scrolls
 g - 14 scrolls of teleportation
 k - 5 scrolls of fear
 l - 5 scrolls of poison
 q - 3 scrolls of fog
 w - 5 scrolls of summoning
 F - 7 scrolls of revelation
 G - 5 scrolls of silence
 I - 7 scrolls of immolation
 J - 2 scrolls of blinking
 N - 3 scrolls of enchant armour
Potions
 a - 6 potions of lignification
 c - a potion of experience
 d - 18 potions of curing
 n - 2 potions of enlightenment
 o - 7 potions of attraction
 p - 5 potions of ambrosia
 t - 3 potions of invisibility
 C - 10 potions of might
 K - 4 potions of resistance
 O - 5 potions of cancellation
 P - 2 potions of heal wounds
 T - 7 potions of magic
 U - 2 potions of haste
Miscellaneous
 h - a sack of spiders
 x - a phantom mirror
 Q - a lightning rod (4/4)
 S - a phial of floods


   Skills:
 O Level 27 Fighting
 O Level 27 Axes
 - Level 10.0 Throwing
 + Level 24.7 Armour
 - Level 20.0 Dodging
 - Level 20.0 Shields
 - Level 5.0 Evocations


You had 24 spell levels left.
You didn't know any spells.
Your spell library was empty.

Dungeon Overview and Level Annotations

Branches:
Dungeon (15/15)            Temple (0/1) D:7            Lair (5/5) D:10
 Shoals (4/4) Lair:3       Spider (4/4) Lair:3        Slime (0/5) Lair:5
    Orc (2/2) D:11            Elf (1/3) Orc:2        Vaults (5/5) D:14
  Crypt (0/3) Vaults:3     Depths (4/4) D:15            Zot (5/5) Depths:4
 Bailey (visited)          WizLab (visited)

Altars:
Dithmenos
Gozag
Hepliaklqana
Kikubaaqudgha
Nemelex Xobeh
Okawaru
Sif Muna
Trog
Vehumet
Wu Jian
Yredelemnul
The Shining One
Jiyva

Shops:
D:4 *   D:6 (   D:12 :   Orc:2 ([(:   Vaults:1 (:(   Vaults:2 [   Vaults:3 (
Depths:3 :[[[:

Portals:
Hell: Depths:1 Depths:2 Depths:3 Depths:4
Abyss: Depths:3
Pandemonium: Depths:2 Depths:3
Ziggurat: Depths:1

Annotations:
Shoals:1 2 transporters, AIAndy's ghost, adept TrSh
Orc:2 2 transporters, Jedgh's ghost, journeyman TeHu
Vaults:4 1 transporter
Zot:2 2 transporters


Innate Abilities, Weirdness & Mutations

You have a pair of horns on your head.
You reflexively headbutt those who attack you in melee.


Message History

You block the Orb Guardian's attack.
A Killer Klown comes into view. It is wielding a +11 club of venom.
The Killer Klown blinks!
The storm dragon misses you. The storm dragon barely misses you.
The storm dragon tramples you but does no damage.
The Orb Guardian hits you but does no damage.
You slice the Orb Guardian!! You burn the Orb Guardian!
You headbutt the Orb Guardian!!
The Orb Guardian is almost dead.
You hit the storm dragon. You burn the storm dragon.
You slice the Orb Guardian!! You burn the Orb Guardian.
You slice the Orb Guardian!! You burn the Orb Guardian!
You slash the Orb Guardian! You burn the Orb Guardian.
You block the Orb Guardian's attack.
The Orb Guardian hits you but does no damage.
You block the Orb Guardian's attack.
A Killer Klown comes into view. It is wielding a +8 heavy club.
The Orb Guardian hits you but does no damage.
The Killer Klown blinks!
The storm dragon barely misses you. You block the storm dragon's attack.
The storm dragon completely misses you. The Orb Guardian misses you.
The Orb Guardian hits you!
* * * LOW HITPOINT WARNING * * *
The electric golem crackles and sizzles.
A Killer Klown comes into view. It is wielding a +9 club of flaming.
You closely miss the Orb Guardian. Your headbutt misses the Orb Guardian.
The Orb Guardian is moderately wounded.
You closely miss the storm dragon. You closely miss the Orb Guardian.
You hit the orb of fire but do no damage.
You slice the Orb Guardian!! You burn the Orb Guardian!
The Killer Klown blinks!
The Orb Guardian misses you.
An electric golem comes into view.
The Orb Guardian hits you!
* * * LOW HITPOINT WARNING * * *
The Orb Guardian hits you but does no damage.
You block the storm dragon's attack. The storm dragon closely misses you.
The storm dragon tramples you but does no damage.
The Killer Klown blinks! x2; The Orb Guardian hits you!!
* * * LOW HITPOINT WARNING * * *
The Killer Klown blinks!
The Orb Guardian hits you!
You die...

▓▓▓▓▓
▓▓▓▓......
▓▓▓D@XX.....
▓▓.XX*XX.....
▓..9XX...p...
▓....X.pX...^
▓.....y§..^..
▓9.....p.§§..
........§§...
.▓...p.§.§....
.▓▓......^..§.


You could see an orb of fire, 4 Killer Klowns, 2 electric golems, a tentacled
monstrosity, a storm dragon, 9 Orb Guardians and a moth of wrath.

Vanquished Creatures
  2 dread liches (Vaults:5)
  2 juggernauts
  Josephina (Depths:2)
  Saint Roka (Orc:2)
  3 curse toes
  15 golden dragons
  Nikola (Spider:1)
  A bone dragon (Depths:4)
  2 electric golems
  11 tentacled monstrosities
  5 Orb Guardians (Zot:5)
  Asterion (Spider:1)
  A lich (Depths:3)
  5 quicksilver dragons
  A walking frostbound tome (Depths:3)
  A titan (Vaults:5)
  12 death cobs
  Polyphemus (Shoals:4)
  7 sphinxes
  3 krakens
  6 shadow dragons
  Agnes (Spider:3)
  Aizul (Shoals:3)
  Ilsuiw (Shoals:2)
  6 tengu reavers
  7 draconian monks
  9 storm dragons
  12 fire giants
  2 draconian knights
  A deep elf sorcerer (Elf:1)
  7 iron dragons
  Louise (Spider:4)
  23 vault wardens
  9 emperor scorpions
  8 draconian scorchers
  6 spectral caustic shrikes (Depths:2)
  12 frost giants
  7 ghost moths
  6 draconian shifters
  2 spriggan defenders (Depths:4)
  3 broodmothers
  4 draconian stormcallers
  17 stone giants
  14 ironbound thunderhulks
  2 orc warlords
  12 very ugly things
  10 draconian annihilators
  23 ironbound preservers
  3 formless jellyfish
  6 war gargoyles
  8 green draconians
  5 dire elephants
  The ghost of Scrael the Frost Mage, a journeyman DsIE of Uskayaw (Lair:5)
  5 vampire knights
  A deep elf demonologist (Vaults:5)
  13 red draconians
  Azrael (D:15)
  A deep elf annihilator (Vaults:5)
  14 black draconians
  6 white draconians
  7 spark wasps
  13 yellow draconians
  2 deep elf death magi (Vaults:5)
  11 purple draconians
  5 crystal guardians
  Snorg (D:10)
  6 merfolk javelineers
  7 ettins
  9 fire dragons
  8 merfolk impalers
  10 yaktaur captains
  A deep elf high priest (Vaults:5)
  31 vault guards
  3 great orbs of eyes
  3 entropy weavers
  6 hydras
  An ogre mage (Vaults:5)
  5 rakshasas
  4 ice dragons (Depths:3)
  2 salamander tyrants (WizLab)
  3 catoblepae
  16 peacekeepers
  A spriggan air mage (Depths:3)
  2 alligator snapping turtles
  8 death yaks
  3 radroaches
  6 ironbound frosthearts
  3 satyrs
  5 boulder beetles
  A merfolk avatar (Shoals:4)
  21 centaur warriors
  6 two-headed ogres
  4 dancing weapons (Elf:1)
  8 demonic crawlers
  5 merfolk aquamancers
  3 deep troll shamans (Depths:3)
  7 tengu warriors
  A vampire mage (Depths:3)
  A thrashing horror (Abyss:3)
  8 deep troll earth magi
  An orc high priest (Elf:1)
  A hell knight (Vaults:5)
  Sonja (Lair:1)
  5 spriggan berserkers
  Nergalle (Lair:3)
  Amaemon (Lair:2)
  Urug (D:12)
  6 pharaoh ants
  3 deep elf knights (Elf:1)
  6 iron trolls
  7 skysharks
  2 large abominations (Abyss:3)
  A sun moth (Spider:2)
  8 glowing orange brains
  13 sea snakes
  Lodul (D:13)
  12 orb spiders
  A sea snake (shapeshifter) (Depths:4)
  A flayed ghost (Depths:3)
  79 deep trolls
  15 lindwurms
  A spriggan simulacrum (Abyss:3)
  6 wizards
  2 phantasmal warriors (Depths:3)
  2 deep elf archers (Elf:1)
  Pikel (D:6)
  4 necromancers
  8 steelbarb worms
  6 deep elf zephyrmancers (Elf:1)
  25 ironbound convokers
  8 harpies
  6 orc knights
  2 deep elf pyromancers (Elf:1)
  7 fauns
  18 wolf spiders
  24 ugly things
  An oklob plant (Orc:2)
  17 manticores
  6 orc sorcerers
  9 cyclopes
  4 salamanders (WizLab)
  A manticore (shapeshifter) (D:15)
  11 elephants (Lair:5)
  20 moths of wrath
  Joseph (Lair:1)
  5 black mambas
  A fire giant skeleton (Vaults:2)
  7 merfolk sirens
  21 vault sentinels
  6 water nymphs
  6 torpor snails
  Maggie (D:9)
  An orange demon (Lair:2)
  5 molten gargoyles
  7 gargoyles
  2 efreet
  4 kobold demonologists
  8 cane toads
  An unseen horror (D:11)
  30 yaktaurs
  6 komodo dragons
  2 freezing wraiths (Vaults:5)
  A golden dragon simulacrum (Depths:2)
  An ancient zyme (Abyss:3)
  18 merfolk
  4 tengu conjurers
  A silent spectre (Vaults:4)
  6 meliai (D:15)
  8 trolls
  A tengu simulacrum (Depths:2)
  21 tarantellas
  A tarantella (shapeshifter) (D:14)
  17 hornets
  10 wind drakes
  Grinder (D:3)
  A fire giant simulacrum (Depths:2)
  A frost giant simulacrum (Depths:2)
  6 dream sheep (Shoals:4)
  5 blink frogs (Lair:3)
  12 snapping turtles
  An ettin zombie (Vaults:2)
  4 flying skulls (Abyss:3)
  7 spriggans
  37 slime creatures
  22 culicivoras
  19 jumping spiders
  3 wraiths
  47 yaks
  2 vampires
  12 basilisks
  A small abomination (Abyss:3)
  10 water elementals
  13 wyverns
  Grum (D:8)
  3 fire elementals
  4 steam dragons
  7 vampire mosquitoes
  5 wargs
  43 redbacks
  2 acid dragons
  18 water moccasins
  2 floating eyes (shapeshifter)
  A floating eye (Depths:2)
  12 hell hounds
  2 ice beasts
  A sky beast (D:4)
  49 orc warriors
  3 black bears
  A boggart (Elf:1)
  15 wolves
  14 ogres
  19 centaurs
  2 lemures (D:6)
  3 kobold brigands
  5 scorpions
  15 bullfrogs
  A human skeleton (Vaults:2)
  2 earth elementals (WizLab)
  A gnoll sergeant (D:9)
  A hornet simulacrum (D:15)
  12 wights
  3 electric eels
  8 howler monkeys
  5 lava snakes (Lair:5)
  2 jellies
  26 orc priests
  A gnoll bouda (D:4)
  2 hounds (D:6)
  6 iguanas
  12 starcursed masses (Abyss:3)
  5 sleepcaps
  Jessica (D:3)
  Ijyb (D:3)
  29 orc wizards
  2 lightning spires (WizLab)
  9 hell rats
  Robin (D:2)
  9 adders
  13 gnolls
  13 white imps
  2 ufetubi (D:4)
  2 worms
  A dart slug (D:5)
  110 orcs
  13 endoplasms
  A giant cockroach (D:1)
  20 goblins
  19 hobgoblins
  A jackal (D:4)
  23 kobolds
  7 quokkas
  12 ball pythons
  6 bats
  5 frilled lizards
  A goblin skeleton (D:8)
  3 hobgoblin zombies (D:8)
  3 kobold skeletons (D:8)
  A kobold zombie (D:8)
  7 rats
  A spectral weapon (Spider:1)
  8 tentacles
1999 creatures vanquished.

Vanquished Creatures (collateral kills)
  A curse toe (Zot:5)
  2 Orb Guardians (Zot:5)
  A deep elf sorcerer (Elf:1)
  A merfolk impaler (Shoals:4)
  A merfolk avatar (Shoals:4)
  2 dancing weapons (Elf:1)
  A deep elf pyromancer (Elf:1)
  A deep elf zephyrmancer (Elf:1)
  A cyclops (Shoals:4)
  2 snapping turtles (Shoals:4)
13 creatures vanquished.

Vanquished Creatures (others)
  A storm dragon (Depths:3)
  2 draconian knights
  A broodmother (Spider:2)
  A red draconian (Depths:4)
  A deep troll earth mage (Depths:3)
  A wind drake (Shoals:4)
  A wolf (shapeshifter) (Vaults:5)
  3 orcs (Bailey)
  19 tentacles
30 creatures vanquished.

Grand Total: 2042 creatures vanquished

Notes
Turn   | Place    | Note
-------+----------+-------------------------------------------
     0 | D:1      | hackon the Minotaur Berserker began the quest for the Orb.
     0 | D:1      | Reached XP level 1. HP: 19/19 MP: 0/0
    44 | D:1      | Reached XP level 2. HP: 18/26 MP: 1/1
    94 | D:1      | You fall into a shaft and drop 1 floor!
   217 | D:1      | Reached skill level 5 in Axes
   222 | D:1      | Reached XP level 3. HP: 30/31 MP: 2/2
   251 | D:1      | Found a faded altar of an unknown god.
   927 | D:2      | Reached ** piety under Trog
   988 | D:2      | Noticed Robin
   994 | D:2      | Reached XP level 4. HP: 39/39 MP: 3/3
  1001 | D:2      | Killed Robin
  1489 | D:3      | Noticed Ijyb
  1504 | D:3      | Killed Ijyb
  1661 | D:3      | Noticed Jessica
  1667 | D:3      | Noticed Grinder
  1668 | D:3      | Killed Jessica
  1669 | D:3      | Reached XP level 5. HP: 41/45 MP: 4/4
  1676 | D:3      | Killed Grinder
  1677 | D:3      | Reached XP level 6. HP: 55/55 MP: 5/5
  1691 | D:3      | Reached skill level 5 in Fighting
  1942 | D:3      | Reached *** piety under Trog
  2154 | D:4      | Found a radiant altar of Vehumet.
  2471 | D:4      | Found an opulent altar of Gozag.
  2473 | D:4      | Found Gozag's Platinum Reserve.
  2484 | D:4      | Reached skill level 1 in Throwing
  2484 | D:4      | Reached skill level 1 in Evocations
  2484 | D:4      | Reached XP level 7. HP: 63/63 MP: 6/6
  3424 | D:5      | Entered Level 5 of the Dungeon
  3657 | D:5      | Reached XP level 8. HP: 70/70 MP: 7/7
  4354 | D:6      | Reached **** piety under Trog
  4496 | D:6      | Reached skill level 10 in Axes
  4588 | D:6      | Noticed Pikel
  4617 | D:6      | Killed Pikel
  4759 | D:6      | Reached XP level 9. HP: 73/75 MP: 8/8
  4821 | D:6      | Reached skill level 1 in Shields
  4967 | D:6      | Found Husities's Antique Weapon Emporium.
  5595 | D:6      | Identified the +10 scale mail of Action {Dex+2}
  6605 | D:7      | Found a staircase to the Ecumenical Temple.
  7101 | D:7      | Found a sparkling altar of Nemelex Xobeh.
  7383 | D:8      | Found a shadowy altar of Dithmenos.
  7480 | D:8      | Reached XP level 10. HP: 73/90 MP: 9/9
  7563 | D:8      | Found a glowing golden altar of the Shining One.
  7564 | D:8      | Noticed Grum
  7577 | D:8      | Killed Grum
  7983 | D:9      | Noticed a two-headed ogre
  8002 | D:9      | Killed a two-headed ogre
  8035 | D:9      | Found an ancient bone altar of Kikubaaqudgha.
  8039 | D:9      | Noticed Maggie
  8064 | D:9      | Killed Maggie
  8065 | D:9      | Reached skill level 10 in Fighting
  8085 | D:9      | Noticed a two-headed ogre
  8097 | D:9      | Killed a two-headed ogre
  8309 | D:9      | Reached skill level 15 in Axes
  8538 | D:9      | Noticed a green ugly thing
  8546 | D:9      | Killed a green ugly thing
  8548 | D:9      | Reached ***** piety under Trog
  8908 | D:9      | Found a hazy altar of Hepliaklqana.
  8915 | D:9      | Found a bloodstained altar of Trog.
  8919 | D:9      | Found a basalt altar of Yredelemnul.
  8981 | D:10     | Entered Level 10 of the Dungeon
  9083 | D:10     | Reached XP level 11. HP: 99/99 MP: 10/10
  9099 | D:10     | Received a gift from Trog
  9182 | D:10     | Found a staircase to the Lair.
  9262 | D:10     | Noticed Snorg
  9277 | D:10     | Killed Snorg
  9736 | D:10     | Found a flagged portal.
  9747 | Bailey   | Entered a bailey
 10631 | D:11     | Noticed a two-headed ogre
 10635 | D:11     | Killed a two-headed ogre
 10660 | D:11     | Noticed a boulder beetle
 10665 | D:11     | Killed a boulder beetle
 10686 | D:11     | Reached XP level 12. HP: 112/115 MP: 11/11
 10979 | D:11     | Noticed a two-headed ogre
 10991 | D:11     | Killed a two-headed ogre
 11064 | D:11     | Reached skill level 5 in Armour
 11258 | D:11     | Found a staircase to the Orcish Mines.
 12054 | Lair:1   | Entered Level 1 of the Lair of Beasts
 12110 | Lair:1   | Noticed Joseph
 12119 | Lair:1   | Killed Joseph
 12137 | Lair:1   | Identified the +0 executioner's axe of Qemaohea {flame, rC-
                  | Will+ SInv} (Trog gifted it to you on level 1 of the Lair
                  | of Beasts)
 12137 | Lair:1   | Received a gift from Trog
 12257 | Lair:1   | Reached skill level 10 in Armour
 12294 | Lair:1   | Reached skill level 5 in Throwing
 12552 | Lair:1   | Noticed Sonja
 12558 | Lair:1   | Killed Sonja
 13006 | Lair:2   | Reached XP level 13. HP: 117/118 MP: 12/12
 13091 | Lair:2   | Noticed Amaemon
 13108 | Lair:2   | Killed Amaemon
 14183 | Lair:3   | You fall into a shaft and drop 2 floors!
 14183 | Lair:5   | Entered Level 5 of the Lair of Beasts
 14231 | Lair:5   | Reached skill level 15 in Armour
 14322 | Lair:5   | Found a viscous altar of Jiyva.
 14348 | Lair:5   | Found a staircase to the Slime Pits.
 14436 | Lair:5   | Reached ****** piety under Trog
 14436 | Lair:5   | Received a gift from Trog
 14525 | Lair:5   | Found a runed translucent door.
 14525 | Lair:5   | Noticed Scrael's ghost (journeyman DsIE)
 14625 | Lair:3   | Reached skill level 5 in Shields
 14777 | Lair:3   | Noticed Nergalle
 14785 | Lair:3   | Killed Nergalle
 14907 | Lair:3   | Found a hole to the Spider Nest.
 15611 | Lair:4   | Identified the +1 leather armour of Discretion {rF- Will++}
 15654 | Lair:4   | Reached skill level 15 in Fighting
 15656 | Lair:4   | Identified the +1 robe of the Beekeeper {Fly rElec}
 15705 | Lair:4   | Received a gift from Trog
 15706 | Lair:4   | Reached XP level 14. HP: 96/135 MP: 13/13
 16590 | Orc:1    | Entered Level 1 of the Orcish Mines
 16824 | Orc:2    | Entered Level 2 of the Orcish Mines
 16824 | Orc:2    | Found a staircase to the Elven Halls.
 16835 | Orc:2    | Noticed an orc warlord
 16857 | Orc:2    | Killed an orc warlord
 17268 | Orc:2    | Found Fairohaw's Book Shop.
 17585 | Orc:2    | Found Canompan's Antique Weapon Shop.
 17632 | Orc:2    | Found a transporter.
 17635 | Orc:2    | Found a transporter.
 17635 | Orc:2    | Identified the +7 great mace "Pewasoc" {holy, rElec Will+
                  | Dex+3 SInv}
 17635 | Orc:2    | Noticed Jedgh's ghost (journeyman TeHu)
 17640 | Orc:2    | Received a gift from Trog
 17999 | Orc:2    | Noticed Saint Roka
 18072 | Orc:1    | Found an iron altar of Okawaru.
 18766 | Orc:2    | Killed Saint Roka
 18766 | Orc:2    | Received a gift from Trog
 18944 | Orc:2    | Found Batacleo's Antique Weapon Emporium.
 18947 | Orc:2    | Found Aghatz's Antique Armour Shoppe.
 19551 | Lair:5   | Reached skill level 10 in Shields
 19679 | Lair:5   | Reached skill level 10 in Throwing
 19995 | Lair:5   | Found a large runed translucent door.
 19995 | Lair:5   | Found a large runed translucent door.
 20448 | Lair:5   | Killed Scrael's ghost
 20513 | Lair:5   | Acquired the ring "Dauttoakh" {rC+++ Will+ Str+3 Int-3
                  | Dex+4}
 20969 | D:12     | Noticed Urug
 20976 | D:12     | Killed Urug
 21216 | D:12     | Found Kuvved's Book Emporium.
 21674 | D:13     | Reached skill level 5 in Evocations
 21757 | D:13     | Noticed Lodul
 21764 | D:13     | Killed Lodul
 22320 | D:13     | Found a shimmering blue altar of Sif Muna.
 22558 | D:14     | Reached XP level 15. HP: 120/147 MP: 14/14
 22777 | D:14     | Identified the +1 leather armour of the Arena {Harm rElec
                  | rC-}
 22816 | D:14     | Found a gate to the Vaults.
 23477 | D:15     | Entered Level 15 of the Dungeon
 23709 | D:15     | Noticed Azrael
 23726 | D:15     | Killed Azrael
 23962 | D:15     | Received a gift from Trog
 24326 | D:15     | Found a staircase to the Depths.
 24691 | Elf:1    | Entered Level 1 of the Elven Halls
 24911 | Elf:1    | Noticed a deep elf sorcerer
 24920 | Elf:1    | Killed a deep elf sorcerer
 25190 | Elf:1    | Found a shimmering blue altar of Sif Muna.
 25221 | Elf:1    | Identified the +1 demon blade "Hicworuj" {vamp, rPois
                  | Will+++ Int+3 Dex-3 SInv}
 25344 | Elf:1    | Identified the +10 broad axe of Fioduc {flame, rElec rPois
                  | rN+ Dex-4} (Trog gifted it to you on level 1 of the Elven
                  | Halls)
 25344 | Elf:1    | Received a gift from Trog
 25479 | Elf:1    | Noticed a deep elf sorcerer
 25485 | Abyss:3  | Cast into level 3 of the Abyss (a deep elf sorcerer)
 25603 | Abyss:3  | HP: 7/155 [starcursed mass/accursed screaming (7)]
 25615 | Abyss:3  | HP: 4/155 [starcursed mass/accursed screaming (5)]
 25628 | Abyss:3  | Noticed a bone dragon
 25642 | Abyss:3  | Noticed a tentacled starspawn
 25695 | Abyss:3  | Found a corrupted altar of Lugonu.
 25700 | Elf:1    | Escaped the Abyss
 25707 | Elf:1    | Killed a deep elf sorcerer
 26470 | Shoals:1 | Entered Level 1 of the Shoals
 26478 | Shoals:1 | Reached XP level 16. HP: 147/162 MP: 15/15
 26863 | Shoals:1 | Found a transporter.
 26866 | Shoals:1 | Noticed AIAndy's ghost (adept TrSh)
 26893 | Shoals:1 | Found a transporter.
 27111 | Shoals:1 | Noticed a kraken
 27126 | Shoals:1 | Killed a kraken
 27840 | Shoals:2 | Noticed a kraken
 27849 | Shoals:2 | Killed a kraken
 28166 | Shoals:2 | Received a gift from Trog
 29208 | Shoals:2 | Noticed Ilsuiw
 29226 | Shoals:2 | Killed Ilsuiw
 29299 | Shoals:2 | Noticed a kraken
 29306 | Shoals:2 | Killed a kraken
 29732 | Shoals:3 | Noticed Aizul
 29741 | Shoals:3 | Killed Aizul
 30215 | Shoals:4 | Entered Level 4 of the Shoals
 30216 | Shoals:4 | Noticed Polyphemus
 30227 | Shoals:4 | Killed Polyphemus
 30485 | Shoals:4 | Received a gift from Trog
 30836 | Shoals:4 | Reached XP level 17. HP: 87/178 MP: 16/16
 31070 | Shoals:4 | Identified the +2 halberd "Joarorah" {freeze, rPois rC+
                  | Int+4}
 31521 | Shoals:4 | HP: 8/180 [frost giant/+2 battleaxe of freezing (23)]
 31553 | Shoals:4 | Received a gift from Trog
 31835 | Shoals:4 | Got a barnacled rune of Zot
 32317 | Spider:1 | Entered Level 1 of the Spider Nest
 32478 | Spider:1 | Noticed Asterion
 32489 | Spider:1 | Killed Asterion
 32904 | Spider:1 | Identified the +1 pair of gloves "Poonorgha" {Will+ Str+3}
 32904 | Spider:1 | Noticed Nikola
 32914 | Spider:1 | Killed Nikola
 34200 | Spider:2 | Received a gift from Trog
 35426 | Spider:3 | Reached XP level 18. HP: 188/194 MP: 0/17
 36062 | Spider:3 | Noticed Agnes
 36067 | Spider:3 | Killed Agnes
 36424 | Spider:4 | Entered Level 4 of the Spider Nest
 37052 | Spider:4 | Received a gift from Trog
 37345 | Spider:4 | Noticed Louise
 37356 | Spider:4 | Killed Louise
 38109 | Spider:4 | Got a gossamer rune of Zot
 38410 | Vaults:1 | Entered Level 1 of the Vaults
 38625 | Vaults:1 | Found a magical portal.
 38677 | WizLab   | Entered Maxwell's Workshop
 39158 | WizLab   | Reached skill level 15 in Shields
 39168 | WizLab   | Received a gift from Trog
 39363 | WizLab   | Identified the ring "Xismez" {Ice rN+}
 39381 | WizLab   | Noticed an electric golem
 39444 | WizLab   | Killed an electric golem
 39914 | WizLab   | Identified the +2 hat of Fuzzy Freedom {rPois Will+ Str-2
                  | Slay+2}
 39929 | WizLab   | Identified the +10 quarterstaff of Shrieking Terror {flame,
                  | Will+ SInv}
 40208 | Vaults:1 | Reached XP level 19. HP: 191/204 MP: 18/18
 40649 | Vaults:1 | Found Lumyador's Weapon Boutique.
 40663 | Vaults:1 | Found Qelasato's Antique Weapon Boutique.
 40668 | Vaults:1 | Found Vazaagea's Book Shoppe.
 40695 | Vaults:1 | Reached XP level 20. HP: 215/215 MP: 19/19
 40696 | Vaults:1 | Reached skill level 27 in Fighting
 40696 | Vaults:1 | Reached XP level 21. HP: 224/224 MP: 20/20
 40757 | Vaults:1 | Received a gift from Trog
 41414 | Vaults:2 | Received a gift from Trog
 41660 | Vaults:2 | Reached skill level 5 in Dodging
 41784 | Vaults:2 | Found Gaerus's Antique Armour Shop.
 41991 | Vaults:2 | Identified the +3 halberd of Ointment {speed, rPois rF+++
                  | Will- Int-3}
 42551 | Vaults:3 | Received a gift from Trog
 42734 | Vaults:3 | Reached XP level 22. HP: 233/233 MP: 21/21
 42932 | Vaults:3 | Reached skill level 10 in Dodging
 42951 | Vaults:3 | You fall into a shaft and drop 1 floor!
 43176 | Vaults:4 | Identified the +4 hand axe of Taidicel {spect, rElec Dex+2}
 43181 | Vaults:4 | Received a gift from Trog
 43279 | Vaults:4 | Identified the +1 robe of Foqibiqa {rF+ Will+ Str+3}
 43585 | Vaults:3 | Found Paek's Weapon Boutique.
 43679 | Vaults:3 | Found a staircase to the Crypt.
 43679 | Vaults:3 | Found an ancient bone altar of Kikubaaqudgha.
 43680 | Vaults:3 | Found a basalt altar of Yredelemnul.
 44020 | Vaults:4 | Identified the +6 hand axe of Zaga Icw {heavy, Str+3 Dex+2}
                  | (Trog gifted it to you on level 4 of the Vaults)
 44020 | Vaults:4 | Received a gift from Trog
 44330 | Vaults:4 | Found a transporter.
 44745 | Vaults:5 | Entered Level 5 of the Vaults
 44857 | Vaults:5 | Received a gift from Trog
 44886 | Vaults:5 | Noticed a dread lich
 44896 | Vaults:5 | Killed a dread lich
 44902 | Vaults:5 | Noticed a dread lich
 44914 | Vaults:5 | Killed a dread lich
 45002 | Vaults:5 | Got a silver rune of Zot
 45043 | Vaults:5 | Identified the ring of the Robin {rElec rPois EV+5}
 45060 | Vaults:5 | Reached XP level 23. HP: 185/240 MP: 22/22
 45146 | Vaults:5 | Reached skill level 15 in Dodging
 45307 | Vaults:5 | Received a gift from Trog
 45700 | Depths:1 | Entered Level 1 of the Depths
 45903 | Depths:1 | Found a one-way gateway to a ziggurat.
 46283 | Depths:1 | Found a gateway to Hell.
 46626 | Depths:2 | Found a one-way gate leading to the halls of Pandemonium.
 46714 | Depths:2 | Paralysed by a floating eye for 3 turns
 46934 | Depths:2 | Received a gift from Trog
 46954 | Depths:2 | Found an ornate altar of the Wu Jian Council.
 47310 | Depths:2 | Identified the +8 dire flail of Yesterday {chaos, rPois
                  | rN+}
 47447 | Depths:2 | Identified the ring of Monotheism {Ice Drain Int+6 Dex+4}
 47447 | Depths:2 | Noticed Josephina
 47458 | Depths:2 | Killed Josephina
 47849 | Depths:3 | Found a one-way gate to the infinite horrors of the Abyss.
 47864 | Depths:3 | Noticed a juggernaut
 47865 | Depths:3 | Received a gift from Trog
 47875 | Depths:3 | Killed a juggernaut
 47882 | Depths:3 | Reached skill level 27 in Axes
 47889 | Depths:3 | Reached XP level 24. HP: 249/249 MP: 22/22
 47944 | Depths:3 | Identified the +1 chain mail of Cynicism {Int+3}
 47978 | Depths:3 | Found Eskaptoa's Armour Emporium.
 48546 | Depths:3 | Received a gift from Trog
 48862 | Depths:3 | Found Uqulydod's Book Shoppe.
 48865 | Depths:3 | Found Plog's Antique Armour Shop.
 48905 | Depths:3 | Found Kouxeh's Antique Armour Shoppe.
 48908 | Depths:3 | Bought a runed cloak for 165 gold pieces
 48913 | Depths:3 | Found Uryrchiha's Book Boutique.
 49170 | Depths:4 | Entered Level 4 of the Depths
 49210 | Depths:4 | Received a gift from Trog
 49349 | Depths:4 | Noticed a juggernaut
 49356 | Depths:4 | Killed a juggernaut
 49383 | Depths:4 | Found a gate to the Realm of Zot.
 49445 | Zot:1    | Entered Level 1 of the Realm of Zot
 50340 | Zot:2    | Received a gift from Trog
 50417 | Zot:2    | Reached XP level 25. HP: 254/257 MP: 22/22
 50653 | Zot:2    | Found a transporter.
 50679 | Zot:2    | Noticed a dread lich
 50932 | Zot:2    | Found the +9 scales of the Dragon King {rPois rF+ rC+
                  | Will+}
 50936 | Zot:2    | Found a transporter.
 51192 | Zot:3    | Received a gift from Trog
 52457 | Zot:4    | Identified the +9 broad axe of Fitir {heavy, Str+6} (Trog
                  | gifted it to you on level 4 of the Realm of Zot)
 52457 | Zot:4    | Received a gift from Trog
 53334 | Zot:5    | Entered Level 5 of the Realm of Zot
 53555 | Zot:5    | Noticed a dread lich
 53563 | Zot:5    | Noticed a Killer Klown
 53564 | Zot:5    | Noticed an orb of fire
 53565 | Zot:5    | Noticed a Killer Klown
 53566 | Zot:5    | Noticed a Killer Klown
 53567 | Zot:5    | Noticed a Killer Klown
 53567 | Zot:5    | Noticed a Killer Klown
 53568 | Zot:5    | Noticed a Killer Klown
 53568 | Zot:5    | Noticed a Killer Klown
 53569 | Zot:5    | HP: 7/257 [Orb Guardian (19)]
 53569 | Zot:5    | Slain by an Orb Guardian

Illustrated notes

Levels and vault maps discovered:
D:1:      sevenhm_arrival_forest_fort_large_1, layout_rooms,
          hellmonk_ecumenical_altar_run_dry, chequers_decorated_corner
D:2:      layout_rooms, uniq_robin
D:3:      cheibrodos_greedy_goblins, layout_rooms, uniq_grinder, uniq_ijyb,
          uniq_jessica
D:4:      minmay_polygon_palace, layout_loops_corners,
          nicolae_gozag_zags_fifth_avenue, mainiacjoe_overflow_paths,
          minmay_misc_feat_nine_boxes, serial_park_tiny_1,
          dreamdust_princess_corridor
D:5:      layout_basic, lexackson_kobold_supper
D:6:      layout_loops_ring, serial_shops, nicolae_shop_dealshenge,
          water_boxes_lemuel, uniq_pikel
D:7:      layout_layer_cave, nemelex_spade_bored_becter,
          minmay_temple_entry_glassed_door
D:8:      layout_basic, grunt_dithmenos_smoke_and_mirrors,
          nicolae_tso_besieged_by_evil, uniq_grum
D:9:      layout_long_grid, kiku_gazebo_pond_becter, minitemple,
          kennysheep_potato, uniq_maggie
D:10:     layout_basic, minmay_lair_entry_grove, enter_bailey_7, uniq_snorg
D:11:     minmay_s_stair_smasher, layout_stronghold, orc_0_dummy
D:12:     layout_irregular_city, serial_shops, nicolae_shop_window_shopping,
          uniq_urug
D:13:     layout_stronghold, tgw_sif, uniq_lodul
D:14:     layout_small_grid, david_vaults_4, roderic_lattice_a,
          kennysheep_generic_room_6
D:15:     gammafunk_enter_depths_forms, layout_irregular_city,
          amethyst_killhole, uniq_azrael
Lair:1:   layout_regular_city, uniq_joseph, uniq_sonja
Lair:2:   layout_cave_pods, portal_ice_cave_entry_imps, serial_bayou_lagoon_a,
          uniq_amaemon
Lair:3:   layout_big_grid, nicolae_shoals_entry_flooding,
          hellmonk_spider_entry_life_and_decay, serial_bayou_lake_a,
          uniq_nergalle
Lair:4:   layout_misc_corridors
Lair:5:   cheibrodos_lair_end_hotspot, layout_layer_cave, slime_entry_1,
          hellmonk_ghost_happy_afterlife
Shoals:1: layout_shoals, gammafunk_ghost_berserking_beasts,
          nicolae_shoals_lost_giant_amphitheater,
          nicolae_shoals_circle_sea_wall, nicolae_shoals_mertower
Shoals:2: layout_shoals, nicolae_shoals_square_sea_wall, abandoned_shop,
          uniq_ilsuiw
Shoals:3: layout_shoals, uniq_aizul
Shoals:4: shoals_end_grunt_ice, layout_shoals, uniq_polyphemus
Spider:1: spiders_nest_scorpion_pit, uniq_asterion, uniq_nikola
Spider:2: layout_spider_delve
Spider:3: layout_chambers, uniq_agnes
Spider:4: grunt_spider_rune_circles, uniq_louise
Orc:1:    layout_diamond_mine, okawaru_metal_pillars_1_2
Orc:2:    grunt_orc_community_town_hall, layout_caves,
          grunt_orc_community_big_house_2, grunt_orc_community_big_house_2,
          grunt_orc_community_house_1, grunt_orc_community_house_3,
          grunt_orc_community_house_1, grunt_orc_community_house_1,
          grunt_orc_community_house_1, grunt_orc_community_house_3,
          gammafunk_ghost_smash, basic_altar, mines3_lemuel
Elf:1:    nicolae_elf_arrival_no_cutting_in_line, layout_loops_cross,
          basic_altar, hangedman_elf_disciples, minmay_misc_feat_diagonals,
          lemuel_flamethrower_3
Vaults:1: mu_enter_wizlab_3, vaults_room_ringed_pool,
          nicolae_vaults_puzzle_piece, grunt_vaults_swirl,
          nicolae_vaults_trapezoid_1, vaults_room_grunt_arrival_ludios,
          nicolae_vaults_tangram_1, v_misc_18, v_alt_pattern_1,
          nicolae_vaults_more_shelving_1, nicolae_vaults_holding_cells,
          v_pattern_1, nicolae_vaults_little_squares_2,
          ontoclasm_vaults_ring_small, nicolae_vaults_diamond_2,
          layout_vaults_big_cross, serial_shops, bzr_entry_islet,
          nicolae_shop_rolling_square, nicolae_shop_advertising_works
          [nicolae_subvault_shop_adworks], nicolae_shop_waterfront
Vaults:2: ontoclasm_vaults_pinch, nicolae_vaults_apartment_1,
          nicolae_vaults_cornered_office, hangedman_vaults_corner,
          nicolae_vaults_door_testing_chamber, vaults_room_mumra_shop_pool,
          nicolae_vaults_sightless_eye, nicolae_vaults_closet_pinwheel_5,
          vaults_dpeg_ring, v_misc_27, nicolae_vaults_offset_grid_hallway_4,
          nicolae_vaults_know_your_exits, ontoclasm_vaults_claustrophobia,
          vaults_room_pool, layout_vaults_omnibox
Vaults:3: hangedman_vaults_restitches, ontoclasm_vaults_chip, v_alt_pattern_2,
          nicolae_vaults_diamond_2, ontoclasm_vaults_gateway,
          nicolae_vaults_storage_room_doors, ontoclasm_vaults_ring_small,
          nicolae_vaults_frosty_reception, nicolae_vaults_border_crossing,
          minmay_crypt_entry_necro_gods, layout_vaults_ring, serial_shops, shop
Vaults:4: hangedman_vaults_variations, nicolae_vaults_tetromino_T_1,
          nicolae_vaults_closet_pinwheel_3, emtedronai_trogs_sanctum,
          nicolae_vaults_network_periphery, hangedman_vaults_maws,
          vaults_mumra_hexcomb, nicolae_vaults_alarming,
          nicolae_vaults_double_plus_1, nicolae_vaults_ring_of_whatevers,
          vaults_dpeg_hooks, nicolae_vaults_theta, nicolae_vaults_trapezoid_2,
          nicolae_vaults_double_plus_1, layout_vaults_maze_bifur
Vaults:5: serial_shops
Depths:1: layout_forbidden_donut, enter_ziggurat_e, nicolae_benzene_ring,
          hell_entry, kennysheep_small_circle
Depths:2: nzn_winding_woodlands_stair_cross [nzn_winding_woodlands_5x15_parted,
          nzn_winding_woodlands_center_diamonds,
          nzn_winding_woodlands_5x15_river_crossing,
          nzn_winding_woodlands_5x5_three, nzn_winding_woodlands_5x5_open_star,
          nzn_winding_woodlands_5x15_pool,
          nzn_winding_woodlands_center_triple_pond,
          nzn_winding_woodlands_5x15_sidewinder], layout_gridlike,
          good_gods_mini_temple, pf_hell_entry_tar_river, special_room
          [special_room_mythical_zoo], rand_demon_pan_entry_4,
          nzn_wu_jian_contemplation, uniq_josephina
Depths:3: minmay_the_grid_net [minmay_the_grid_large_cup,
          minmay_the_grid_plusring, minmay_the_grid_artifice,
          minmay_the_grid_all_tris, minmay_the_grid_doors,
          minmay_the_grid_prize_four_corners_diamond_b], layout_basic,
          hell_entry, serial_shops, shop, shop, shop, nicolae_shop_mannequins,
          shop, abyss_entry, minmay_misc_feat_tiny, pan_entry,
          minmay_alternating_orb, minmay_staircase_bubble
Depths:4: grunt_crosshair, layout_cave_shapes, vehumet_crystals, hell_entry,
          eino_small_chamber_without_monster,
          wheals_unrand_guarded_autumn_katana
Zot:1:    layout_gridlike
Zot:2:    gammafunk_the_bubble [the_bubble_gammafunk_plus_minus],
          layout_misc_corridors
Zot:3:    layout_misc_corridors, nicolae_lava_and_water, skrybe_zot_glass_2,
          grunt_megastairs_5
Zot:4:    layout_onion_interference, grunt_megastairs_3
Zot:5:    layout_basic

Skill      XL: |  1  2  3  4  5  6  7  8  9 10 11 12 13 14 15 16 17 18 19 20 21 22 23 24 25 |
---------------+----------------------------------------------------------------------------+-----
Axes           | 4 5 6 7 8 11 13 16 17 18 20 21 22 23 24 27 | 27.0
Fighting       | 4 6 8 10 13 14 15 17 20 22 25 26 27 | 27.0
Throwing       | 1 4 6 8 10 | 10.0
Evocations     | 1 3 5 |  5.0
Shields        | 4 7 10 12 16 20 | 20.0
Armour         | 4 12 16 20 24 | 24.7
Dodging        | 9 14 16 19 20 | 20.0

Action                     |  1- 3 |  4- 6 |  7- 9 | 10-12 | 13-15 | 16-18 | 19-21 | 22-24 | 25-27 || total
---------------------------+-------+-------+-------+-------+-------+-------+-------+-------+-------++-------
  Melee: Hand axe          |    60 |   132 |   312 |       |       |       |       |       |       ||   504
         Headbutt          |     5 |    17 |    62 |    86 |   215 |   264 |    99 |   395 |   135 ||  1278
         War axe           |       |       |    38 |    21 |       |       |       |       |       ||    59
         Battleaxe         |       |       |       |    75 |       |       |       |       |       ||    75
         Broad axe         |       |       |       |   215 |   881 |   996 |   335 |  1198 |   409 ||  4034
  Throw: Javelin           |       |       |     3 |     6 |       |    13 |       |     2 |       ||    24
         Dart              |       |       |    11 |    25 |     3 |       |       |       |       ||    39
 Invoke: Berserk           |     2 |     1 |     2 |     3 |     9 |     9 |       |     5 |     3 ||    34
         Trog's Hand       |       |       |     1 |     1 |     1 |     1 |       |     2 |       ||     6
         Brothers in Arms  |       |       |       |       |     1 |     1 |       |     1 |     1 ||     4
    Use: Scroll            |       |       |     5 |     3 |    13 |    14 |     1 |     7 |     3 ||    46
         Potion            |       |       |       |       |     2 |     3 |     2 |       |     2 ||     9
   Stab: Petrified         |       |       |       |       |       |     2 |       |       |       ||     2
         Distracted        |       |       |       |       |       |       |       |     2 |       ||     2
 Armour: Animal skin       |     2 |       |       |       |       |       |       |       |       ||     2
         Ring mail         |     8 |       |       |       |       |       |       |       |       ||     8
         Plate armour      |    14 |    84 |   152 |       |    16 |    73 |   156 |   570 |   153 ||  1218
         Scale mail        |       |       |    24 |   232 |   420 |   513 |       |       |       ||  1189
         Gold dragon scale |       |       |       |       |       |       |       |       |    61 ||    61
  Dodge: Dodged            |    38 |    45 |    94 |   180 |   306 |   576 |    99 |   360 |   200 ||  1898
  Block: Buckler           |       |    14 |    50 |    59 |   198 |   303 |       |       |       ||   624
         Tower shield      |       |       |       |       |       |   173 |   277 |   911 |   376 ||  1737

Table legend: (Time is in decaauts)
 A = Elapsed time spent in this place.
 B = Non-inter-level travel time spent in this place.
 C = Inter-level travel time spent in this place.
 D = Time resting spent in this place.
 E = Time spent auto-exploring this place.
 F = Levels seen in this place.
 G = Mean time per level.
                   A        B        C        D        E       F      G
               +--------+--------+--------+--------+--------+-----+--------+
         Total |  54115 |  51421 |   2694 |   4423 |  37941 |  48 | 1127.4 |
       Dungeon |  15456 |  14644 |    812 |    384 |  12198 |  15 | 1030.4 |
          Lair |   6240 |   5720 |    520 |    648 |   4259 |   5 | 1248.0 |
        Shoals |   6084 |   5793 |    291 |   1289 |   3654 |   4 | 1521.0 |
   Spider Nest |   5897 |   5700 |    197 |    425 |   4492 |   4 | 1474.2 |
  Orcish Mines |   2459 |   2345 |    114 |    442 |   1388 |   2 | 1229.5 |
   Elven Halls |   1413 |   1374 |     39 |    370 |    852 |   1 | 1413.0 |
        Vaults |   5972 |   5698 |    274 |     32 |   4218 |   5 | 1194.4 |
        Depths |   3889 |   3707 |    182 |    111 |   2767 |   4 |  972.2 |
           Zot |   4215 |   3954 |    261 |    504 |   2646 |   5 |  843.0 |
         Abyss |    208 |    208 |      0 |     39 |     27 |   1 |  208.0 |
        Bailey |    833 |    833 |      0 |      0 |    553 |   1 |  833.0 |
        Wizlab |   1444 |   1444 |      0 |    175 |    883 |   1 | 1444.0 |
               +--------+--------+--------+--------+--------+-----+--------+

Top non-repeatable levels by time:
Shoals:4: 2091 daAuts
  Lair:5: 2059 daAuts
Spider:4: 1759 daAuts
Spider:3: 1752 daAuts
Shoals:1: 1716 daAuts
Shoals:2: 1641 daAuts
   Orc:2: 1634 daAuts
     D:6: 1607 daAuts
Vaults:1: 1607 daAuts
     D:7: 1532 daAuts
Depths:3: 1486 daAuts
    D:11: 1481 daAuts
  WizLab: 1444 daAuts
   Elf:1: 1413 daAuts
   Zot:4: 1401 daAuts
